 Dungeon Crawl Stone Soup version 0.22-a0-587-g7d32d7c (webtiles) character file.

1420 Hebeh the Cleaver (level 8, -2/71 HPs)
             Began as a Minotaur Fighter on July 4, 2018.
             Was an Initiate of Trog.
             Slain by a hippogriff (5 damage)
             ... on level 6 of the Dungeon.
             The game lasted 00:14:42 (4727 turns).

Hebeh the Cleaver (Minotaur Fighter)                Turns: 4727, Time: 00:14:44

Health: -2/71      AC: 10    Str: 24    XL:     8   Next: 43%
Magic:  7/7        EV: 13    Int:  5    God:    Trog [......]
Gold:   312        SH: 13    Dex: 14    Spells: 7/7 levels left

rFire    . . .     SeeInvis .   a - +1 hand axe (elec)
rCold    . . .     Gourm    .   c - +0 shield
rNeg     . . .     Faith    .   b - +0 scale mail
rPois    +         Spirit   .   (helmet restricted)
rElec    .         Reflect  +   q - +1 cloak {rPois}
rCorr    .         Harm     .   (no gloves)
MR       .....                  (no boots)
Stlth    ..........             j - +2 amulet of reflection
HPRegen  0.21/turn              h - +5 ring of dexterity
MPRegen  0.10/turn              p - +5 ring of evasion

@: no status effects
A: retaliatory headbutt, horns 2
a: Renounce Religion


You were on level 6 of the Dungeon.
You worshipped Trog.
Trog was noncommittal.
You were hungry.

You visited 2 branches of the dungeon, and saw 9 of its levels.

You collected 312 gold pieces.

Inventory:

Hand Weapons
 a - a +1 hand axe of electrocution (weapon)
 t - a +0 war axe
 w - a +1 hand axe of flaming
Missiles
 v - 22 sling bullets
Armour
 b - a +0 scale mail (worn)
 c - a +0 shield (worn)
 q - a +1 cloak of poison resistance (worn)
Jewellery
 h - a +5 ring of dexterity (left hand)
 j - a +2 amulet of reflection (around neck)
 p - a +5 ring of evasion (right hand)
Scrolls
 e - a scroll of identify
 g - a scroll of enchant weapon {unknown}
 l - 2 scrolls of amnesia
 n - a scroll of enchant armour {unknown}
 o - a scroll of immolation {unknown}
 r - a scroll of magic mapping {unknown}
 s - 3 scrolls of teleportation {unknown}
 z - 4 scrolls of remove curse {unknown}
Potions
 d - a potion of might
 i - 2 potions of haste
 k - 2 potions of curing
 m - a potion of flight {unknown}
 u - 2 potions of agility {unknown}
Comestibles
 f - 8 rations


   Skills:
 + Level 6.6 Fighting
 * Level 8.3 Axes
 + Level 6.6 Armour
 + Level 6.6 Shields


You had 7 spell levels left.
You didn't know any spells.
Your spell library was empty.

Dungeon Overview and Level Annotations

Branches:
Dungeon (8/15)             Temple (1/1) D:5
   Lair: D:8-11

Altars:
Ashenzari
Cheibriados
Dithmenos
Elyvilon
Fedhas
Gozag
Kikubaaqudgha
Makhleb
Nemelex Xobeh
Okawaru
Qazlal
Sif Muna
Trog
Uskayaw
Vehumet
Xom
Zin


Innate Abilities, Weirdness & Mutations

You reflexively headbutt those who attack you in melee.
You have a pair of horns on your head.


Message History

The arrow misses you. You block the hippogriff's attack.
The hippogriff closely misses you. The hippogriff misses you.
You barely miss the hippogriff.
The hippogriff is almost dead.
You hit the hound zombie but do no damage.
You closely miss the centaur.
The centaur unwields an uncursed shortbow.
You block the centaur's attack.
The hound zombie bites you but does no damage.
The hippogriff misses you. You block the hippogriff's attack. x2
The centaur hits you but does no damage.
The hound zombie bites you but does no damage.
You barely miss the hippogriff.
The hippogriff is almost dead.
You barely miss the hound zombie. You hit the centaur but do no damage.
You block the hippogriff's attack. The hippogriff pecks you.
* * * LOW HITPOINT WARNING * * *
The hippogriff claws you.
You die...

..........#
#..##
..........
#..##
.........#
##..##
.........#
#....#
.........#
#.....
........>#
..###.<.##
.......(.#
.......<##
#......cH#
#####..<..
#......Z@#
#...#.
#######(.#
#...#.
##...
###...
####.# ..##
.# .## ..
.# . .


You could see a hippogriff, a centaur and a hound zombie.

Vanquished Creatures
  A hippogriff (D:5)
  An ice beast (D:6)
  An ogre (D:4)
  A phantom (D:4)
  A scorpion (D:5)
  A howler monkey (D:7)
  3 crimson imps (D:5)
  A bullfrog zombie (D:5)
  Crazy Yiuf (D:3)
  3 orc wizards
  4 orc priests
  2 iguanas (D:5)
  Natasha (twice) (D:2)
  4 worker ants
  2 hound skeletons
  A worker ant zombie (D:5)
  4 adders
  3 gnolls (D:4)
  A howler monkey skeleton (D:4)
  3 oozes
  An adder zombie (D:5)
  3 worms (D:2)
  3 dart slugs
  3 leopard geckos
  14 orcs
  4 giant cockroaches
  5 goblins
  7 hobgoblins
  6 jackals
  3 quokkas
  3 ball pythons
  6 bats
  10 frilled lizards
  A jackal skeleton (D:4)
  9 kobolds
  A leopard gecko zombie (D:7)
  A quokka zombie (D:5)
  14 rats
134 creatures vanquished.

Vanquished Creatures (others)
  A centaur (D:8)
1 creature vanquished.

Grand Total: 135 creatures vanquished

Notes
Turn   | Place    | Note
-------+----------+-------------------------------------------
     0 | D:1      | Hebeh the Minotaur Fighter began the quest for the Orb.
     0 | D:1      | Reached XP level 1. HP: 19/19 MP: 0/0
    85 | D:1      | Reached XP level 2. HP: 26/27 MP: 1/1
   133 | D:1      | Reached skill level 3 in Axes
   621 | D:1      | Reached XP level 3. HP: 33/33 MP: 2/2
  1341 | D:2      | Reached XP level 4. HP: 40/40 MP: 3/3
  1449 | D:2      | Noticed Natasha
  1457 | D:2      | Killed Natasha
  1457 | D:2      | Reached skill level 4 in Axes
  1793 | D:2      | Noticed Natasha
  1799 | D:2      | Killed Natasha
  2044 | D:3      | Found a runed door.
  2162 | D:3      | Reached XP level 5. HP: 43/47 MP: 4/4
  2370 | D:3      | Found an iron altar of Okawaru.
  2663 | D:3      | Noticed Crazy Yiuf
  2667 | D:3      | Killed Crazy Yiuf
  2776 | D:4      | Noticed an ogre
  2779 | D:4      | Killed an ogre
  2779 | D:4      | Reached skill level 5 in Axes
  2779 | D:4      | Reached XP level 6. HP: 36/55 MP: 5/5
  2885 | D:4      | Reached skill level 5 in Shields
  2888 | D:4      | Reached skill level 5 in Fighting
  2888 | D:4      | Reached skill level 5 in Armour
  3425 | D:4      | Reached skill level 6 in Axes
  3425 | D:4      | Reached XP level 7. HP: 55/61 MP: 6/6
  3849 | D:5      | Entered Level 5 of the Dungeon
  3909 | D:5      | Found a radiant altar of Vehumet.
  3993 | D:5      | Found a staircase to the Ecumenical Temple.
  4002 | Temple   | Entered the Ecumenical Temple
  4110 | Temple   | Became a worshipper of Trog the Wrathful
  4334 | D:5      | Reached skill level 7 in Axes
  4352 | D:5      | Noticed a hippogriff
  4365 | D:5      | Killed a hippogriff
  4365 | D:5      | Reached XP level 8. HP: 53/70 MP: 7/7
  4471 | D:5      | Found a shattered altar of Ashenzari.
  4551 | D:5      | Found a white marble altar of Elyvilon.
  4659 | D:6      | You fall through a shaft for 2 floors!
  4702 | D:7      | Reached skill level 8 in Axes
  4704 | D:7      | Noticed a hippogriff
  4727 | D:6      | HP: 3/71 [hippogriff (2)]
  4727 | D:6      | Slain by a hippogriff

Vault maps used:
D:1:      dpeg_arrival_line_fractal
D:2:      first_ration, uniq_natasha
D:3:      okawaru_gym_becter, uniq_crazy_yiuf_cottage
D:4:      lightli_sewer_entry_pipes
D:5:      nicolae_overflow_crystal_walls, nicolae_overflow_hidden_temple,
          minmay_temple_entry_poolview
D:6:      nicolae_ossuary_entry_false_entrances, minmay_holes
D:8:      minmay_door_square, grunt_livestock, minivault_5, uniq_pikel
Temple:   dpeg_five_rooms_temple

Skill      XL: |  1  2  3  4  5  6  7  8 |
---------------+-------------------------+-----
Axes           | 3 4 5 6 7 8 |  8.3
Armour         | 4 5 6 |  6.6
Shields        | 4 5 6 |  6.6
Fighting       | 4 5 6 |  6.6

Action                   |  1- 3 |  4- 6 |  7- 9 || total
-------------------------+-------+-------+-------++-------
Melee: War axe           |   108 |   112 |    27 ||   247
       Headbutt          |    13 |    16 |    36 ||    65
       Hand axe          |       |       |    86 ||    86
  Use: Scroll            |       |       |     5 ||     5
       Potion            |       |       |     1 ||     1
  Eat: Chunk             |     2 |     3 |     4 ||     9
       Ration            |       |     1 |       ||     1
Armor: Scale mail        |    53 |    41 |    50 ||   144
Dodge: Dodged            |    30 |    33 |    65 ||   128
Block: Shield            |    52 |    54 |    91 ||   197
       Reflection        |       |       |     6 ||     6

Table legend:
 A = Spawn XP
 B = Non-spawn XP
 C = Spawn XP percentage of total XP
 D = Spawn monster count
 E = Non-spawn monster count
 F = Spawn count percentage of total count
 G = Total turns spent on level
                    A         B        C        D         E        F      G
               +---------+---------+-------+---------+---------+-------+---------
         Total |       0 |    2029 |   0.0 |       0 |     135 |   0.0 |  4727
               +---------+---------+-------+---------+---------+-------+---------
           D:1 |       0 |      51 |   0.0 |       0 |      27 |   0.0 |   949
           D:2 |       0 |     131 |   0.0 |       0 |      24 |   0.0 |   921
           D:3 |       0 |      71 |   0.0 |       0 |      15 |   0.0 |   860
           D:4 |       0 |     544 |   0.0 |       0 |      32 |   0.0 |  1119
           D:5 |       0 |     842 |   0.0 |       0 |      29 |   0.0 |   615
           D:6 |       0 |     142 |   0.0 |       0 |       1 |   0.0 |    25
           D:7 |       0 |     120 |   0.0 |       0 |       4 |   0.0 |    15
           D:8 |       0 |     128 |   0.0 |       0 |       3 |   0.0 |    38
               +---------+---------+-------+---------+---------+-------+---------
